 Dungeon Crawl Stone Soup version 0.31-a0-435-g2c6fae2916 (webtiles) character file.

Game seed: 13861086039990014268

366 Grim the Destroyer (level 6, -1/32 HPs)
             Began as a Deep Elf Conjurer on Aug 1, 2023.
             Slain by a gnoll
             ... wielding a +0 halberd
              (5 damage)
             ... on level 4 of the Dungeon.
             The game lasted 00:09:06 (4589 turns).

Grim the Destroyer (Deep Elf Conjurer)              Turns: 4589, Time: 00:09:06

Health: -1/32      AC:  2    Str: 12    XL:     6   Next: 40%
Magic:  12/12      EV: 13    Int: 23    God:
Gold:   133        SH:  0    Dex: 19    Spells: 5/11 levels left

rFire   . . .        i - +0 rapier
rCold   . . .        l - orb {light}
rNeg    . . .        a - +0 robe
rPois   .            (no helmet)
rElec   .            (no cloak)
rCorr   .            (no gloves)
SInv    .            (no boots)
Will    .....        (no amulet)
Stlth   +            f - +6 ring of dexterity
HPRegen 0.25/turn    m - +6 ring of strength
MPRegen 0.13/turn

%: no passive effects
@: glowing
A: no striking features
a: no special abilities


You were on level 4 of the Dungeon.
You visited 1 branch of the dungeon, and saw 4 of its levels.

You collected 133 gold pieces.

Inventory:

Hand Weapons
 i - a +0 rapier (weapon)
Armour
 a - a +0 robe (worn)
 l - an orb of light (worn)
Jewellery
 f - a +6 ring of dexterity (left hand)
 m - a +6 ring of strength (right hand)
 p - an amulet of guardian spirit
Scrolls
 c - a scroll of vulnerability {unknown}
 d - 4 scrolls of enchant armour {unknown}
 g - a scroll of teleportation {unknown}
 h - 4 scrolls of identify {unknown}
 n - a scroll of silence {unknown}
Potions
 b - a potion of might {unknown}
 e - a potion of curing {unknown}
 j - 2 potions of degeneration {unknown}
 k - 3 potions of attraction {unknown}
 o - 2 potions of invisibility {unknown}


   Skills:
 * Level 1.4 Short Blades
 - Level 2.4 Dodging
 - Level 2.4 Stealth
 - Level 3.0 Spellcasting
 + Level 8.0 Conjurations
 + Level 0.9 Air Magic
 + Level 1.0 Poison Magic


You had 5 spell levels left.
You knew the following spells:

 Your Spells              Type           Power      Damage    Failure   Level
a - Magic Dart            Conj           100%       1d8       1%          1
b - Searing Ray           Conj           80%        2d7       1%          2
c - Mephitic Cloud        Conj/Pois/Air  18%        N/A       9%          3

Your spell library contained the following spells:

 Spells                   Type           Power      Damage    Failure   Level
 Dazzling Flash           Conj/Hex       44%        N/A       7%          3
 Apportation              Tloc           6%         N/A       12%         1
 Necrotise                Necr           12%        1d4       12%         1
 Summon Small Mammal      Summ           12%        N/A       12%         1
 Poisonous Vapours        Pois/Air       16%        N/A       12%         2
 Fulminant Prism          Conj/Hex       11%        3d8       22%         4
 Iskenderun's Mystic Bla  Conj/Tloc      22%        2d6       22%         4
 Freezing Cloud           Conj/Ice/Air   8%         6-21      67%         5


Dungeon Overview and Level Annotations

Branches:
Dungeon (4/15)
 Temple: D:4-7

Altars:
Uskayaw
Zin

Shops:
D:1 ?


Message History

You climb upwards.
There is a stone staircase leading down here.
Casting: Magic Dart (safe; 1% risk of failure)
Confirm with . or Enter, or press ? or * to list all spells.
Aiming: Searing Ray (safe; 1% risk of failure)
Press: ? - help, Shift-Dir - straight line, f - gnoll
Aim: a gnoll, wielding a +0 club (lightly wounded, haloed, 88% to hit)
The searing ray hits the gnoll.
The gnoll is heavily wounded. (Press . to maintain the ray.)
The gnoll barely misses you.
The searing ray hits the gnoll!
You kill the gnoll!
You start resting.
Magic restored.
You start waiting.
Done waiting.
You climb downwards.
The gnoll throws a throwing net.
The throwing net hits you.
You become entangled in the net!
The gnoll hits you from afar with a +0 halberd!
There is a stone staircase leading up here.
You see here a throwing net.
You struggle against the net.
The gnoll closely misses you. The gnoll barely misses you.
Unknown command.
You tear a large gash into the net.
The gnoll hits you but does no damage. The gnoll barely misses you.
You shred the net and break free!
The gnoll hits you from afar with a +0 spear.
* * * LOW HITPOINT WARNING * * *
The gnoll hits you from afar with a +0 halberd!
* * * LOW HITPOINT WARNING * * *
The gnoll hits you with a +0 spear.
* * * LOW HITPOINT WARNING * * *
The gnoll closely misses you.
There is a stone staircase leading up, spattered with blood here.
The gnoll hits you with a +0 spear.
* * * LOW HITPOINT WARNING * * *
The gnoll hits you with a +0 halberd.
You die...

####### ## #.....# #.
#.....# #. #.....# #.
#.....# #.
#..@g)#############.
#...g.).............
#....[###......####.
#.....# ######..##..
#.....# ####.....
########.....######........
#...................##..##.
######################g###)
####gg.g...# #.


You could see 2 gnolls.

Vanquished Creatures
  An ogre (D:3)
  An orc priest (D:4)
  A hound (D:4)
  2 orc wizards
  Terence (D:2)
  2 adders
  A gnoll (D:3)
  7 dart slugs
  11 orcs
  5 endoplasms
  A giant cockroach (D:2)
  8 goblins
  6 hobgoblins
  4 jackals (D:2)
  4 quokkas
  12 ball pythons
  12 bats
  2 frilled lizards
  7 kobolds
  8 rats
96 creatures vanquished.

Notes
Turn   | Place    | Note
-------+----------+-------------------------------------------
     0 | D:1      | Grim the Deep Elf Conjurer began the quest for the Orb.
     0 | D:1      | Reached XP level 1. HP: 10/10 MP: 6/6
   208 | D:1      | Reached XP level 2. HP: 15/15 MP: 6/8
   211 | D:1      | Learned a level 2 spell: Searing Ray
   246 | D:1      | Found The Oracle's Delphic Readings.
   279 | D:1      | Reached skill level 5 in Conjurations
   599 | D:1      | Reached XP level 3. HP: 19/19 MP: 7/9
   923 | D:1      | Found a faded altar of an unknown god.
  1381 | D:2      | Reached skill level 6 in Conjurations
  1494 | D:2      | Reached XP level 4. HP: 24/24 MP: 6/10
  1751 | D:2      | Noticed Terence
  1764 | D:2      | Killed Terence
  2549 | D:3      | Noticed an ogre
  2554 | D:3      | Killed an ogre
  2555 | D:3      | Reached skill level 7 in Conjurations
  2555 | D:3      | Reached XP level 5. HP: 28/28 MP: 4/11
  2769 | D:3      | Found a hide-covered altar of Uskayaw.
  3325 | D:3      | Learned a level 3 spell: Mephitic Cloud
  3507 | D:4      | Reached skill level 8 in Conjurations
  3507 | D:4      | Reached XP level 6. HP: 15/32 MP: 12/12
  4101 | D:4      | Reached skill level 1 in Short Blades
  4246 | D:4      | Reached skill level 1 in Poison Magic
  4375 | D:4      | Found a glowing silver altar of Zin.
  4589 | D:4      | Slain by a gnoll

Illustrated notes

Levels and vault maps discovered:
D:1:      minmay_arrival_split_and_join, layout_basic,
          nicolae_ecumenical_snake_handling, nicolae_nh_oracle_at_delphi
D:2:      layout_basic, uniq_terence
D:3:      layout_basic, nicolae_uskayaw_murder_on_the_dancefloor,
          kennysheep_generic_room_8
D:4:      layout_rooms, lemuel_crystal_altar, hex_large, minmay_surrounded

Skill      XL: |  1  2  3  4  5  6 |
---------------+-------------------+-----
Conjurations   | 5 6 7 8 |  8.0
Short Blades   | 1 |  1.4
Poison Magic   | 1 |  1.0
Dodging        | |  2.4
Stealth        | |  2.4
Spellcasting   | |  3.0
Air Magic      | |  0.9

Action                     |  1- 3 |  4- 6 || total
---------------------------+-------+-------++-------
  Melee: Rapier            |       |    64 ||    64
   Cast: Magic Dart        |    86 |    52 ||   138
         Searing Ray       |       |    13 ||    13
    Use: Potion            |       |     1 ||     1
   Stab: Sleeping          |       |     1 ||     1
 Armour: Robe              |     2 |    28 ||    30
  Dodge: Dodged            |     4 |    76 ||    80

Table legend: (Time is in decaauts)
 A = Elapsed time spent in this place.
 B = Non-inter-level travel time spent in this place.
 C = Inter-level travel time spent in this place.
 D = Time resting spent in this place.
 E = Time spent auto-exploring this place.
 F = Levels seen in this place.
 G = Mean time per level.
                   A        B        C        D        E       F      G
               +--------+--------+--------+--------+--------+-----+--------+
         Total |   4606 |   4554 |     52 |   1478 |   2479 |   4 | 1151.5 |
       Dungeon |   4606 |   4554 |     52 |   1478 |   2479 |   4 | 1151.5 |
               +--------+--------+--------+--------+--------+-----+--------+

Top non-repeatable levels by time:
     D:2: 1426 daAuts
     D:3: 1400 daAuts
     D:1: 1237 daAuts
     D:4: 542 daAuts
